 Dungeon Crawl Stone Soup version 0.30-a0-879-ga8ba668304 (webtiles) character file.

Game seed: 14546190943263927382

223 IndexError the Digger (level 6, -3/32 HPs)
             Began as a Gargoyle Earth Elementalist on Mar 13, 2023.
             Slain by a hobgoblin (4 damage)
             ... on level 3 of the Dungeon.
             The game lasted 00:03:49 (1643 turns).

IndexError the Digger (Gargoyle Earth Elementalist) Turns: 1643, Time: 00:03:50

Health: -3/32      AC:  6    Str: 12    XL:     6   Next: 0%
Magic:  2/12       EV: 12    Int: 17    God:
Gold:   115        SH:  0    Dex: 10    Spells: 12/13 levels left

rFire   . . .      SeeInvis .    c - +0 dagger
rCold   . . .      Faith    .    (no shield)
rNeg    + . .      Spirit   .    a - +0 robe
rPois   ∞          Reflect  .    (no helmet)
rElec   +          Rampage  .    (no cloak)
rCorr   .                        (no gloves)
Will    .....                    (no boots)
Stlth   ++                       (no amulet)
HPRegen 0.25/turn                (no ring)
MPRegen 0.13/turn                (no ring)

@: no status effects
A: sickness immunity, AC +4, negative energy resistance 1, electricity
resistance, torment resistance 1, petrification resistance
a: no special abilities


You were on level 3 of the Dungeon.
You visited 1 branch of the dungeon, and saw 3 of its levels.

You collected 115 gold pieces.

Inventory:

Hand Weapons
 c - a +0 dagger (weapon)
   (You found it on level 1 of the Dungeon)
Armour
 a - a +0 robe (worn)
Wands
 o - a wand of flame (13)
   (You took it off Sigmund on level 2 of the Dungeon)
Scrolls
 f - 2 scrolls of fog {unknown}
 g - 2 scrolls of enchant weapon {unknown}
 h - a scroll of summoning {unknown}
 i - a scroll of amnesia {unknown}
 k - 2 scrolls of identify {unknown}
 n - 3 scrolls of blinking {unknown}
Potions
 b - a potion of magic
 d - 2 potions of curing {unknown}
 e - 2 potions of heal wounds {unknown}
 j - a potion of resistance {unknown}
 l - a potion of might {unknown}
 m - a potion of degeneration {unknown}


   Skills:
 - Level 0.4 Armour
 - Level 1.7 Dodging
 - Level 2.1 Stealth
 + Level 4.0 Spellcasting
 - Level 1.0 Transmutations
 + Level 6.0 Earth Magic


You had 12 spell levels left.
You knew the following spells:

 Your Spells              Type           Power      Damage    Failure   Level
a - Sandblast             Erth           46%        2d11      1%          1

Your spell library contained the following spells:

 Spells                   Type           Power      Damage    Failure   Level
 Passwall                 Tmut/Erth      12%        N/A       5%          2
 Stone Arrow              Conj/Erth      26%        3d8       14%         3
 Petrify                  Tmut/Erth      15%        N/A       36%         4


Dungeon Overview and Level Annotations

Branches:
Dungeon (3/15)

Altars:
Trog

Annotations:
D:3 Ijyb


Innate Abilities, Weirdness & Mutations

You are immune to sickness and miasma.
Your stone body is resilient. (AC +4)
You are immune to poison.
You resist negative energy. (rN+)
You are resistant to electric shocks. (rElec)
You are resistant to unholy torment.
You are immune to petrification.


Message History

The blast of sand hits the goblin!!
Your Earth Magic skill increases to level 6!
You now have 9/11 mp.
You now have 115 gold pieces (gained 19).
Things that are here:
a +0 dagger; a goblin corpse
There is an open door here.
Done exploring.
MP restored: 11 Done exploring.
Done exploring.
There is an open door here.
There is an open door here.
There is a stone staircase leading down here.
You climb downwards.
You hear the sound of rushing water.
There is an entrance to a sewer on this level.
Hurry and find it before the portal rusts away!
Marking area around Ijyb as unsafe for travelling.
There is a stone staircase leading up here.
Aiming: Sandblast (safe; 1% risk of failure)
Press: ? - help, Q - select action, (/) - cycle Shift-Dir - straight line, f - Ijyb
Aim: Ijyb, wielding a +0 club, wearing a +0 leather armour and carrying a wand of flame (20) (asleep, 100% to hit)
The blast of sand hits Ijyb.
Ijyb shouts!
The hobgoblin shouts!
You hear an angry hiss.
Ijyb drinks a potion.
Ijyb seems to speed up.
You now have 10/11 mp.
Aiming: Sandblast (safe; 1% risk of failure)
Press: ? - help, Q - select action, (/) - cycle Shift-Dir - straight line, f/p - Ijyb
Aim: Ijyb, wielding a +0 club, wearing a +0 leather armour and carrying a wand of flame (20) (lightly wounded, fast, 79% to hit)
The blast of sand misses Ijyb.
The blast of sand hits the endoplasm!
Ijyb barely misses you.
Ijyb zaps a wand.
The puff of flame misses you.
You have reached level 6!
Health restored: 32 You now have 9/12 mp.
Aiming: Sandblast (safe; 1% risk of failure)
Press: ? - help, Q - select action, (/) - cycle Shift-Dir - straight line, f/p - Ijyb
Aim: Ijyb, wielding a +0 club, wearing a +0 leather armour and carrying a wand of flame (19) (lightly wounded, fast, 79% to hit)
The blast of sand hits Ijyb.
Ijyb zaps a wand.
The puff of flame misses you.
Ijyb zaps a wand.
The puff of flame hits you! Ijyb hits you with a +0 club.
You take 8 damage, and have 24/32 hp.
MASSIVE DAMAGE!!
You now have 8/12 mp.
Aiming: Sandblast (safe; 1% risk of failure)
Press: ? - help, Q - select action, (/) - cycle Shift-Dir - straight line, f/p - Ijyb
Aim: Ijyb, wielding a +0 club, wearing a +0 leather armour and carrying a wand of flame (17) (moderately wounded, fast, 79% to hit)
The blast of sand hits Ijyb but does no damage.
Ijyb zaps a wand.
The puff of flame misses you. The hobgoblin hits you.
An iguana comes into view.
Ijyb screams, "Me very upset!"
Ijyb barely misses you. The hobgoblin misses you.
You take 3 damage, and have 21/32 hp.
You now have 7/12 mp.
Aiming: Sandblast (safe; 1% risk of failure)
Press: ? - help, Q - select action, (/) - cycle Shift-Dir - straight line, f/p - Ijyb
Aim: Ijyb, wielding a +0 club, wearing a +0 leather armour and carrying a wand of flame (16) (moderately wounded, fast, 79% to hit)
The blast of sand hits Ijyb.
The iguana hisses angrily.
Ijyb screams, "Me very upset!"
Ijyb zaps a wand.
The puff of flame hits you. The hobgoblin misses you. Ijyb barely misses you.
You take 4 damage, and have 17/32 hp.
You now have 6/12 mp.
Aiming: Sandblast (safe; 1% risk of failure)
Press: ? - help, Q - select action, (/) - cycle Shift-Dir - straight line, f/p - Ijyb
Aim: Ijyb, wielding a +0 club, wearing a +0 leather armour and carrying a wand of flame (15) (moderately wounded, fast, 79% to hit)
The blast of sand hits Ijyb!
Ijyb zaps a wand.
The puff of flame misses you.
The hobgoblin hits you but does no damage.
Ijyb closely misses you. The hobgoblin hits you.
Aiming: Sandblast (safe; 1% risk of failure)
Press: ? - help, Q - select action, (/) - cycle Shift-Dir - straight line, f/p - Ijyb
Aim: Ijyb, wielding a +0 club, wearing a +0 leather armour and carrying a wand of flame (14) (severely wounded, fast, 79% to hit)
The blast of sand hits Ijyb.
Ijyb zaps a wand.
The puff of flame misses you.
Ijyb screams, "Level is mine!
All mine!"
Ijyb barely misses you. The hobgoblin completely misses you.
You now have 5/12 mp.
Aiming: Sandblast (safe; 1% risk of failure)
Press: ? - help, Q - select action, (/) - cycle Shift-Dir - straight line, f/p - Ijyb
Aim: Ijyb, wielding a +0 club, wearing a +0 leather armour and carrying a wand of flame (13) (almost dead, fast, 79% to hit)
The blast of sand hits Ijyb.
Ijyb misses you. Ijyb hits you with a +0 club.
The hobgoblin hits you but does no damage.
Ijyb hits you but does no damage. The hobgoblin barely misses you.
You take 2 damage, and have 15/32 hp.
You now have 4/12 mp.
Aiming: Sandblast (safe; 1% risk of failure)
Press: ? - help, Q - select action, (/) - cycle Shift-Dir - straight line, f/p - Ijyb
Aim: Ijyb, wielding a +0 club, wearing a +0 leather armour and carrying a wand of flame (13) (almost dead, fast, 79% to hit)
The blast of sand hits Ijyb but does no damage.
Ijyb barely misses you. Ijyb hits you with a +0 club. The iguana bites you!
* * * LOW HITPOINT WARNING * * *
The hobgoblin misses you.
You take 13 damage, and have 2/32 hp.
MASSIVE DAMAGE!!
You now have 3/12 mp.
Aiming: Sandblast (safe; 1% risk of failure)
Press: ? - help, Q - select action, (/) - cycle Shift-Dir - straight line, f/p - Ijyb
Aim: Ijyb, wielding a +0 club, wearing a +0 leather armour and carrying a wand of flame (13) (almost dead, fast, 79% to hit)
The blast of sand misses Ijyb.
Ijyb hits you with a +0 club.
* * * LOW HITPOINT WARNING * * *
The hobgoblin closely misses you. The iguana closely misses you.
Ijyb barely misses you. The hobgoblin hits you.
You die...

##########
#.@g.....#
#.lg.....#
#........#
#........#
#!........
#.........
#.........
....######


You could see Ijyb (fast), an iguana and a hobgoblin.

Vanquished Creatures
  Sigmund (D:2)
  An adder (D:2)
  2 worms (D:2)
  2 dart slugs (D:1)
  7 endoplasms
  5 giant cockroaches
  3 goblins
  5 hobgoblins (D:1)
  2 kobolds (D:1)
  A quokka (D:1)
  5 ball pythons
  3 bats (D:1)
  2 frilled lizards (D:1)
  A rat (D:1)
40 creatures vanquished.

Notes
Turn   | Place    | Note
-------+----------+-------------------------------------------
     0 | D:1      | IndexError the Gargoyle Earth Elementalist began the quest
                  | for the Orb.
     0 | D:1      | Reached XP level 1. HP: 10/10 MP: 3/3
    68 | D:1      | Reached skill level 1 in Transmutations
   151 | D:1      | Reached XP level 2. HP: 15/15 MP: 3/5
   258 | D:1      | Reached skill level 4 in Earth Magic
   487 | D:1      | Reached XP level 3. HP: 19/19 MP: 3/6
   948 | D:2      | Found a bloodstained altar of Trog.
  1417 | D:2      | Reached XP level 4. HP: 24/24 MP: 5/8
  1452 | D:2      | Noticed Sigmund
  1474 | D:2      | Killed Sigmund
  1475 | D:2      | Reached skill level 4 in Spellcasting
  1475 | D:2      | Reached skill level 5 in Earth Magic
  1475 | D:2      | Reached XP level 5. HP: 23/28 MP: 6/11
  1550 | D:2      | Reached skill level 6 in Earth Magic
  1633 | D:3      | Noticed Ijyb
  1636 | D:3      | Reached XP level 6. HP: 32/32 MP: 9/12
  1642 | D:3      | HP: 2/32 [iguana (12)]
  1643 | D:3      | Slain by a hobgoblin

Illustrated notes

Levels and vault maps discovered:
D:1:      minmay_arrival_shattered_statue, layout_basic,
          minmay_misc_feat_more_columns, minmay_misc_feat_secret_circle,
          minmay_split_cup_small
D:2:      layout_basic, basic_altar, uniq_sigmund
D:3:      layout_basic, cheibrodos_sewer_entry_bend, uniq_ijyb,
          uniq_crazy_yiuf_cottage

Skill      XL: |  1  2  3  4  5 |
---------------+----------------+-----
Transmutations | 1 |  1.0
Earth Magic    | 4 5 6 |  6.0
Spellcasting   | 4 |  4.0
Armour         | |  0.4
Dodging        | |  1.7
Stealth        | |  2.1

Action                     |  1- 3 |  4- 6 || total
---------------------------+-------+-------++-------
  Melee: Dagger            |     3 |       ||     3
   Cast: Sandblast         |    54 |    15 ||    69
 Armour: Robe              |     7 |     3 ||    10
  Dodge: Dodged            |    11 |    21 ||    32

Table legend: (Time is in decaauts)
 A = Elapsed time spent in this place.
 B = Non-inter-level travel time spent in this place.
 C = Inter-level travel time spent in this place.
 D = Time resting spent in this place.
 E = Time spent auto-exploring this place.
 F = Levels seen in this place.
 G = Mean time per level.
                   A        B        C        D        E       F      G
               +--------+--------+--------+--------+--------+-----+--------+
         Total |   1676 |   1568 |    108 |      6 |   1325 |   3 |  558.7 |
       Dungeon |   1676 |   1568 |    108 |      6 |   1325 |   3 |  558.7 |
               +--------+--------+--------+--------+--------+-----+--------+

Top non-repeatable levels by time:
     D:1: 960 daAuts
     D:2: 701 daAuts
     D:3: 14 daAuts

Table legend:
 A = Kills in this place as a percentage of kills in the entire game.
 B = Kills by you in this place as a percentage of kills by you in the entire game.
 C = Kills by friends in this place as a percentage of kills by friends in the entire game.
 D = Other kills in this place as a percentage of other kills in the entire game.
 E = Experience gained in this place as a percentage of experience gained in the entire game.
 F = Experience gained in this place divided by the number of levels of this place that you have seen.
                   A       B       C       D       E      F
               +-------+-------+-------+-------+-------+----------------------
         Total | 100.0 | 100.0 |   N/A |   N/A | 100.0 | 106.3
       Dungeon | 100.0 | 100.0 |   N/A |   N/A | 100.0 | 106.3
               +-------+-------+-------+-------+-------+----------------------
